 Dungeon Crawl Stone Soup version 0.28-a0-1128-gb845255321 (console) character file.

Game seed: 13802355213788586433

129544 hyperldf the Corrupter of Planes (level 17, -6/136 HPs)
             Began as a Gnoll Abyssal Knight on Dec 6, 2021.
             Was the Champion of Lugonu.
             Mangled by a bunyip (14 damage)
             ... called by a spriggan druid
             ... on level 2 of the Swamp on Dec 12, 2021.
             The game lasted 04:08:40 (53055 turns).

hyperldf the Corrupter of Planes (GnAK)            Turns: 53055, Time: 04:08:42

Health: -6/136     AC: 27    Str: 25    XL:     17   Next: 5%
Magic:  32/32      EV: 15    Int: 13    God:    Lugonu [******]
Gold:   2747       SH: 17    Dex: 16    Spells: 24/38 levels left

rFire   . . .      SeeInvis .   a - +1 morningstar (freeze)
rCold   + + .      Faith    .   m - +0 kite shield
rNeg    + . .      Spirit   .   h - +0 ice dragon scales
rPois   +          Reflect  +   t - +0 helmet
rElec   .          Harm     .   o - +2 cloak "Zatwymuv" {rF+ rN+ Int+3}
rCorr   .          Rampage  .   j - +1 pair of gloves {Dex+3}
Will    +....                   v - +0 pair of boots
Stlth   +++.......              S - amulet "Fyediow" {Reflect Str+5 SH+5}
HPRegen 0.32/turn               U - ring of poison resistance
MPRegen 0.23/turn               w - +4 ring of protection

@: hasted and slowed
A: fangs 1, strong nose, distributed training
a: Renounce Religion, Depart the Abyss, Bend Space, Banish, Corrupt, Enter the
Abyss, Brand Weapon With Distortion


You were on level 2 of the Swamp.
You worshipped Lugonu.
Lugonu was exalted by your worship.
You visited 4 branches of the dungeon, and saw 26 of its levels.
You visited the Abyss 1 time.
You also visited: Bailey, Gauntlet and Ice Cave.

You collected 3282 gold pieces.
You spent 535 gold pieces at shops.

Inventory:

Hand Weapons
 a - a +1 morningstar of freezing (weapon)
 b - a +2 scimitar of flaming
 u - a +3 broad axe of freezing
Missiles
 n - 6 atropa-tipped darts
 B - 4 silver javelins
 F - 57 poisoned darts (quivered)
 I - 2 datura-tipped darts
 K - a silver boomerang
 L - 2 curare-tipped darts
Armour
 h - +0 ice dragon scales (worn)
 j - a +1 pair of gloves of dexterity (worn)
 m - a +0 kite shield (worn)
 o - the +2 cloak "Zatwymuv" (worn) {rF+ rN+ Int+3}
   (You found it in a Gauntlet)

   Int:       It affects your intelligence (+3).
   rF:        It protects you from fire.
   rN:        It protects you from negative energy.
 t - a +0 helmet (worn)
 v - a +0 pair of boots (worn)
Jewellery
 q - a ring of protection from fire
 w - a +4 ring of protection (right hand)
 H - the ring of Pride {rN+ Dex+3}
   (You took it off a draconian knight in an ice cave)

   [ring of positive energy]

   Dex:       It affects your dexterity (+3).
   rN:        It protects you from negative energy.
 S - the amulet "Fyediow" (around neck) {Reflect Str+5 SH+5}
   (You found it in a bailey)

   [amulet of reflection]

   It reflects blocked missile attacks.
   Str:       It affects your strength (+5).
   SH:        It affects your SH (+5).
 U - a ring of poison resistance (left hand)
Wands
 c - a wand of flame (20)
 r - a wand of polymorph (35)
 D - a wand of acid (9)
 J - a wand of digging (5)
 W - a wand of paralysis (4)
 Y - a wand of iceblast (9)
Scrolls
 d - 4 scrolls of fog
 k - 3 scrolls of summoning
 l - 7 scrolls of identify {@r1}
 y - 4 scrolls of magic mapping
 A - a scroll of holy word
 N - 4 scrolls of fear
 P - 2 scrolls of silence {!r}
 X - 6 scrolls of amnesia
 Z - 9 scrolls of teleportation {@r4}
Potions
 e - 6 potions of magic
 f - a potion of heal wounds {@q2}
 g - 4 potions of brilliance
 p - 5 potions of curing {@q1}
 s - 3 potions of berserk rage {!q}
 z - 3 potions of haste {@q3}
 E - 3 potions of flight
 M - 2 potions of cancellation
 T - a potion of ambrosia
 V - 2 potions of resistance
Miscellaneous
 i - a lightning rod (4/4) {!a}
 C - a box of beasts
 O - a condenser vane


   Skills:
 + Level 13.0 Fighting
 + Level 11.4 Short Blades
 + Level 11.4 Long Blades
 + Level 11.4 Axes
 + Level 12.2 Maces & Flails
 + Level 11.4 Polearms
 + Level 11.4 Staves
 + Level 11.4 Slings
 + Level 11.4 Bows
 + Level 11.4 Crossbows
 + Level 11.4 Throwing
 + Level 12.2 Armour
 + Level 11.7 Dodging
 + Level 11.4 Stealth
 + Level 11.4 Shields
 + Level 11.4 Unarmed Combat
 + Level 11.4 Spellcasting
 + Level 9.6 Conjurations
 + Level 9.6 Hexes
 + Level 9.6 Summonings
 + Level 9.6 Necromancy
 + Level 9.6 Translocations
 + Level 9.6 Transmutations
 + Level 9.6 Fire Magic
 + Level 9.6 Ice Magic
 + Level 9.6 Air Magic
 + Level 9.6 Earth Magic
 + Level 9.6 Poison Magic
 + Level 13.1 Invocations
 + Level 11.4 Evocations


You had 24 spell levels left.
You knew the following spells:

 Your Spells              Type           Power      Damage    Failure   Level
a - Slow                  Hex            100%       N/A       1%          1
d - Passwall              Tmut/Erth      26%        N/A       1%          2
f - Cause Fear            Hex            16%        N/A       7%          4
k - Blink                 Tloc           64%        N/A       1%          2
s - Ensorcelled Hibernat  Hex/Ice        64%        N/A       1%          2
w - Swiftness             Air            32%        N/A       1%          3

Your spell library contained the following spells:

 Spells                   Type           Power      Damage    Failure   Level
 Freeze                   Ice            100%       1d11      1%          1
 Magic Dart               Conj           100%       1d8       1%          1
 Call Imp                 Summ           32%        N/A       1%          2
 Scorch                   Fire           64%        2d8       1%          2
 Static Discharge         Conj/Air       32%        N/A       1%          2
 Sublimation of Blood     Necr           32%        N/A       1%          2
 Wereblood                Tmut           32%        N/A       1%          2
 Call Canine Familiar     Summ           32%        N/A       1%          3
 Confusing Touch          Hex            32%        N/A       1%          3
 Dazzling Flash           Conj/Hex       64%        N/A       1%          3
 Frozen Ramparts          Ice            64%        1d8       1%          3
 Inner Flame              Hex/Fire       32%        N/A       1%          3
 Mephitic Cloud           Conj/Pois/Air  32%        N/A       1%          3
 Portal Projectile        Hex/Tloc       64%        N/A       1%          3
 Spider Form              Tmut/Pois      32%        N/A       1%          3
 Vampiric Draining        Necr           32%        2d8       1%          3
 Animate Dead             Necr           16%        N/A       7%          4
 Flame Wave               Conj/Fire      32%        2d7       7%          4
 Hailstorm                Conj/Ice       32%        3d8       7%          4
 Leda's Liquefaction      Hex/Erth       16%        N/A       7%          4
 Passage of Golubria      Tloc           32%        N/A       7%          4
 Petrify                  Tmut/Erth      32%        N/A       7%          4
 Agony                    Necr           32%        N/A       19%         5
 Borgnjor's Vile Clutch   Necr/Erth      16%        N/A       19%         5
 Excruciating Wounds      Necr           16%        N/A       19%         5
 Irradiate                Conj/Tmut      16%        3d19      19%         5
 Manifold Assault         Tloc           32%        N/A       19%         5
 Metabolic Englaciation   Hex/Ice        16%        N/A       19%         5
 Silence                  Hex/Air        16%        N/A       19%         5
 Summon Forest            Summ/Tloc      16%        N/A       19%         5
 Conjure Ball Lightning   Conj/Air       16%        3x3d6     71%         6
 Death Channel            Necr           16%        N/A       71%         6
 Eringya's Noxious Bog    Tmut/Pois      16%        N/A       71%         6
 Simulacrum               Ice/Necr       16%        N/A       71%         6
 Statue Form              Tmut/Erth      21%        N/A       71%         6
 Summon Cactus Giant      Summ           16%        N/A       71%         6
 Dragon Form              Tmut           16%        N/A       99%         7
 Storm Form               Tmut/Air       16%        N/A       99%         7
 Summon Hydra             Summ           16%        N/A       99%         7
 Discord                  Hex            16%        N/A       100%        8
 Disjunction              Tloc           16%        N/A       100%        8
 Maxwell's Capacitive Co  Air            16%        ∞         100%        8
 Dragon's Call            Summ           16%        N/A       100%        9


Dungeon Overview and Level Annotations

Branches:
Dungeon (15/15)            Temple (0/1) D:7            Lair (6/6) D:10
  Swamp (3/4) Lair:4       Spider (0/4) Lair:3        Slime (0/5) Lair:5
    Orc (2/2) D:9             Elf (0/3) Orc:2        Vaults (0/5) D:13
 Depths (0/4) D:15         Bailey (visited)           IceCv (visited)
Gauntlet (visited)

Altars:
Elyvilon
Fedhas
Gozag
Makhleb
Okawaru
Ru
Sif Muna
Trog
Xom
Yredelemnul
Beogh

Shops:
D:11 [   Orc:2 ****

Annotations:
Swamp:2 exclusion: downstairs
Swamp:3 exclusions: bog body, bunyip and necrophage, Donald, Mara


Innate Abilities, Weirdness & Mutations

You have very sharp teeth.
Your uncanny sense of smell can sniff out nearby items.
Your experience applies equally to all skills.


Message History

The spriggan druid hits you but does no damage.
The bunyip misses you. You block the bunyip's attack.
The bunyip barely misses you.
The spriggan druid hits you with a +0 quarterstaff!
The trees move their gnarly branches around. x2
The spriggan druid closely misses you.
You completely miss the spriggan druid.
The forest calms down.
You block the spriggan druid's attack. x2
You hit the spriggan druid. You freeze the spriggan druid.
You bite the spriggan druid.
The spriggan druid is lightly wounded.
The bunyip closely misses you. You block the bunyip's attack.
The bunyip claws you.
The spriggan druid casts a spell at you.
The stone arrow misses you.
You barely miss the spriggan druid. Your bite misses the spriggan druid.
The spriggan druid is lightly wounded.
The spriggan druid hits you but does no damage. x2
Unknown command.
You bludgeon the spriggan druid!! You freeze the spriggan druid!
The spriggan druid is almost dead.
The bunyip claws you. You block the bunyip's attack. The bunyip claws you!!
* * * LOW HITPOINT WARNING * * *
You block the spriggan druid's attack.
Unknown command.
You feel yourself speed up.
The spriggan druid points at you and mumbles some strange words.
The stone arrow hits you!!
* * * LOW HITPOINT WARNING * * *
Unknown command.
Okay, then.
Unknown command.
You feel much better.
The spriggan druid casts a spell at you.
The stone arrow reflects off an invisible shield around you!
The stone arrow misses the spriggan druid.
You block the bunyip's attack. The bunyip claws you!
* * * LOW HITPOINT WARNING * * *
The bunyip claws you!
You die...

♣.≈≈≈≈§§≈.≈≈≈≈≈≈≈≈≈≈≈.≈≈.§..
♣.≈≈≈§≈....≈≈≈≈≈..≈≈≈..≈♣.≈≈
♣♣.≈≈≈........≈≈.≈§>.≈♣♣♣.≈.
♣.....≈.?≈≈≈≈≈≈.≈≈.♣♣♣♣♣..♣
♣♣♣♣♣...≈≈≈≈≈≈≈.≈.♣♣ ♣≈.≈♣
♣♣..≈≈≈§≈≈≈♣♣♣♣ ♣♣≈≈≈
♣♣♣.≈≈≈≈≈≈♣ ♣♣♣ ♣≈≈≈
♣>i≈≈§≈.♣ ♣.♣♣♣♣♣.≈.
♣÷x@≈≈§.♣ ♣.....♣...
♣♣≈≈.≈≈≈♣♣♣≈.≈≈≈♣♣♣♣
♣♣♣♣§≈≈≈≈≈≈....♣
♣♣♣♣♣.≈≈≈♣♣♣♣ ♣♣.≈♣♣ ♣♣♣♣


You could see a bunyip and a spriggan druid.

Vanquished Creatures
  A thorn hunter (Swamp:1)
  A draconian knight (IceCv)
  3 eleionomae
  A dire elephant (D:15)
  A minotaur (Gauntlet)
  5 white draconians (IceCv)
  2 bunyips
  5 boulder beetles
  3 vault guards
  14 hydras
  4 catoblepae
  6 two-headed ogres
  2 ghost crabs (Swamp:1)
  2 ice dragons
  2 centaur warriors (D:13)
  6 death yaks
  7 alligators
  4 orc high priests
  4 tengu warriors
  Nergalle (Lair:2)
  2 goliath frogs
  A bog body (Swamp:1)
  2 swamp dragons
  2 lindwurms
  A deep elf pyromancer (D:13)
  Pikel (D:5)
  7 orc knights
  7 cyclopes
  A moth of wrath (Gauntlet)
  2 will-o-the-wisps (Swamp:2)
  5 orc sorcerers
  An oklob plant (Lair:1)
  9 manticores
  24 ugly things
  2 spectral centaurs (Gauntlet)
  7 elephants
  7 black mambas
  A gargoyle (D:10)
  3 storm dragon simulacra (IceCv)
  12 cane toads
  5 komodo dragons
  A kobold demonologist (D:14)
  A freezing wraith (D:14)
  An efreet (D:11)
  A komodo dragon (shapeshifter) (D:14)
  12 golden dragon simulacra (IceCv)
  4 trolls
  A meliai (D:10)
  2 hornets
  2 polar bears
  6 tyrant leeches
  11 slime creatures
  26 blink frogs
  7 dream sheep (Lair:5)
  3 spriggans
  2 wraiths
  43 yaks
  4 wyverns
  8 humans
  7 basilisks
  A steam dragon (D:7)
  2 large abominations (Gauntlet)
  Menkaure (D:5)
  21 vampire mosquitoes
  11 swamp worms
  2 wargs (Orc:1)
  An acid dragon (D:12)
  Duvessa (D:4)
  17 water moccasins
  A swamp drake (Swamp:3)
  3 sky beasts (D:7)
  41 orc warriors
  2 black bears
  5 ice dragon simulacra (IceCv)
  6 small abominations (Gauntlet)
  11 wolves
  5 ogres
  A tengu (D:3)
  12 centaurs
  A lemure (D:5)
  3 kobold brigands
  16 bullfrogs
  A wyvern zombie (D:8)
  3 gnoll sergeants
  2 scorpions
  Dowan (D:5)
  2 water moccasin skeletons (D:5)
  A lindwurm simulacrum (IceCv)
  5 wights (D:7)
  An electric eel (Lair:4)
  4 howler monkeys
  2 bullfrog zombies
  6 centaur zombies
  4 hounds
  2 jellies
  A centaur skeleton (D:7)
  16 orc priests
  A gnoll shaman (D:4)
  A bullfrog skeleton (D:7)
  5 iguanas
  30 orc wizards
  3 hound skeletons (D:4)
  A howler monkey zombie (D:10)
  Robin (D:3)
  23 gnolls
  6 adders
  3 white imps (Lair:4)
  2 ufetubi
  An adder skeleton (D:4)
  A worm (D:2)
  5 dart slugs
  84 orcs
  10 endoplasms
  A giant cockroach (D:1)
  18 goblins
  7 hobgoblins
  12 jackals
  4 quokkas
  4 ball pythons
  5 frilled lizards
  13 kobolds
  5 rats
779 creatures vanquished.

Vanquished Creatures (collateral kills)
  An orc warlord (Orc:1)
  A quicksilver ooze (Gauntlet)
  A hydra (Lair:5)
  An orc wizard (Orc:1)
  2 orcs (Orc:1)
6 creatures vanquished.

Vanquished Creatures (others)
  A bunyip (Swamp:2)
  A human (D:13)
  Blork the orc (D:4)
  An orc wizard (Orc:2)
  55 fungi
  74 plants
  18 withered plants (Gauntlet)
151 creatures vanquished.

Grand Total: 936 creatures vanquished

Notes
Turn   | Place    | Note
-------+----------+-------------------------------------------
     0 | Abyss:1  | hyperldf the Gnoll Abyssal Knight began the quest for the
                  | Orb.
     0 | Abyss:1  | Reached XP level 1. HP: 23/23 MP: 3/3
    17 | Abyss:1  | Found a corrupted altar of Lugonu.
    63 | D:1      | Escaped the Abyss
   473 | D:1      | Reached XP level 2. HP: 29/29 MP: 5/5
  1107 | D:2      | Reached XP level 3. HP: 35/35 MP: 6/6
  1473 | D:2      | Reached skill level 1 in Short Blades
  1473 | D:2      | Reached skill level 1 in Long Blades
  1473 | D:2      | Reached skill level 1 in Axes
  1473 | D:2      | Reached skill level 1 in Polearms
  1473 | D:2      | Reached skill level 1 in Staves
  1473 | D:2      | Reached skill level 1 in Slings
  1473 | D:2      | Reached skill level 1 in Bows
  1473 | D:2      | Reached skill level 1 in Crossbows
  1473 | D:2      | Reached skill level 1 in Throwing
  1473 | D:2      | Reached skill level 1 in Stealth
  1473 | D:2      | Reached skill level 1 in Shields
  1473 | D:2      | Reached skill level 1 in Unarmed Combat
  1473 | D:2      | Reached skill level 1 in Spellcasting
  1473 | D:2      | Reached skill level 1 in Evocations
  1665 | D:1      | Reached ** piety under Lugonu
  1666 | D:1      | Reached XP level 4. HP: 22/41 MP: 7/7
  2238 | D:2      | Reached skill level 1 in Conjurations
  2238 | D:2      | Reached skill level 1 in Hexes
  2238 | D:2      | Reached skill level 1 in Summonings
  2238 | D:2      | Reached skill level 1 in Necromancy
  2238 | D:2      | Reached skill level 1 in Translocations
  2238 | D:2      | Reached skill level 1 in Transmutations
  2238 | D:2      | Reached skill level 1 in Fire Magic
  2238 | D:2      | Reached skill level 1 in Ice Magic
  2238 | D:2      | Reached skill level 1 in Air Magic
  2238 | D:2      | Reached skill level 1 in Earth Magic
  2238 | D:2      | Reached skill level 1 in Poison Magic
  2357 | D:2      | Found a shimmering blue altar of Sif Muna.
  2702 | D:2      | Reached XP level 5. HP: 45/47 MP: 8/8
  2977 | D:3      | Noticed Robin
  3030 | D:3      | Killed Robin
  3244 | D:3      | Found a sacrificial altar of Ru.
  4488 | D:3      | Found a bloodstained altar of Trog.
  4629 | D:4      | Noticed a black bear
  5115 | D:3      | Reached skill level 5 in Invocations
  5115 | D:3      | Reached XP level 6. HP: 39/53 MP: 9/9
  5282 | D:4      | Found a shimmering altar of Xom.
  5288 | D:4      | Found a blossoming altar of Fedhas.
  5289 | D:4      | Noticed Eustachio
  5331 | D:4      | Noticed a wyvern
  5331 | D:4      | a black bear changed into a wyvern
  5332 | D:4      | a wyvern changed into a tengu
  5349 | D:3      | Reached skill level 5 in Maces & Flails
  5349 | D:3      | Reached skill level 5 in Armour
  5714 | D:4      | Reached *** piety under Lugonu
  5851 | D:4      | Found an iron altar of Okawaru.
  6013 | D:4      | Reached XP level 7. HP: 56/59 MP: 10/10
  6035 | D:4      | Found a basalt altar of Yredelemnul.
  6153 | D:4      | Noticed Blork the orc
  6201 | D:4      | Killed Blork the orc
  6267 | D:4      | Found a shimmering blue altar of Sif Muna.
  6564 | D:5      | Entered Level 5 of the Dungeon
  8059 | D:5      | Reached XP level 8. HP: 58/67 MP: 12/12
  8068 | D:5      | Noticed Menkaure
  8097 | D:5      | Killed Menkaure
  8602 | D:5      | Noticed Pikel
  8635 | D:5      | Killed Pikel
  8799 | D:5      | Noticed Duvessa
  8799 | D:5      | Noticed Dowan
  8954 | D:4      | Noticed Eustachio
  8954 | D:4      | Eustachio changed into Eustachio the adder
  8958 | D:4      | Killed Eustachio the adder
  9097 | D:5      | Reached XP level 9. HP: 72/72 MP: 14/14
  9155 | D:5      | Killed Dowan
 10523 | D:5      | Reached **** piety under Lugonu
 10908 | D:6      | Reached skill level 5 in Dodging
 11414 | D:7      | Found a flagged portal.
 11467 | D:7      | Found a staircase to the Ecumenical Temple.
 11537 | Bailey   | Entered a bailey
 11537 | Bailey   | Noticed an orc knight
 11556 | Bailey   | Reached XP level 10. HP: 22/80 MP: 8/17
 11613 | Bailey   | Noticed an orc knight
 11633 | Bailey   | Killed an orc knight
 11634 | Bailey   | Reached skill level 5 in Short Blades
 11634 | Bailey   | Reached skill level 5 in Long Blades
 11634 | Bailey   | Reached skill level 5 in Axes
 11634 | Bailey   | Reached skill level 5 in Polearms
 11634 | Bailey   | Reached skill level 5 in Staves
 11634 | Bailey   | Reached skill level 5 in Slings
 11634 | Bailey   | Reached skill level 5 in Bows
 11634 | Bailey   | Reached skill level 5 in Crossbows
 11634 | Bailey   | Reached skill level 5 in Throwing
 11634 | Bailey   | Reached skill level 5 in Stealth
 11634 | Bailey   | Reached skill level 5 in Shields
 11634 | Bailey   | Reached skill level 5 in Unarmed Combat
 11634 | Bailey   | Reached skill level 5 in Spellcasting
 11634 | Bailey   | Reached skill level 5 in Evocations
 11760 | Bailey   | Killed an orc knight
 11851 | Bailey   | Got Kiraj's Collected Works on Evil
 11927 | Bailey   | Identified the +5 quarterstaff of Hacking and Slashing
                  | {pain, Dex+2 SInv}
 11977 | Bailey   | Identified the amulet "Fyediow" {Reflect Str+5 SH+5}
 12084 | D:7      | You fall into a shaft and drop 2 floors!
 12119 | D:10     | Entered Level 10 of the Dungeon
 12119 | D:10     | Noticed a two-headed ogre
 12155 | D:10     | Noticed a death yak
 12168 | D:9      | Found a staircase to the Orcish Mines.
 12170 | D:9      | Noticed a two-headed ogre
 12195 | D:9      | Found an opulent altar of Gozag.
 12297 | D:8      | Noticed a tengu warrior
 12320 | D:8      | Killed a tengu warrior
 12762 | D:8      | Reached XP level 11. HP: 84/87 MP: 19/19
 13782 | D:8      | Reached skill level 5 in Conjurations
 13782 | D:8      | Reached skill level 5 in Hexes
 13782 | D:8      | Reached skill level 5 in Summonings
 13782 | D:8      | Reached skill level 5 in Necromancy
 13782 | D:8      | Reached skill level 5 in Translocations
 13782 | D:8      | Reached skill level 5 in Transmutations
 13782 | D:8      | Reached skill level 5 in Fire Magic
 13782 | D:8      | Reached skill level 5 in Ice Magic
 13782 | D:8      | Reached skill level 5 in Air Magic
 13782 | D:8      | Reached skill level 5 in Earth Magic
 13782 | D:8      | Reached skill level 5 in Poison Magic
 14403 | D:9      | Reached ***** piety under Lugonu
 14714 | D:9      | Killed a two-headed ogre
 15482 | D:10     | Found a white marble altar of Elyvilon.
 15782 | D:10     | Killed a death yak
 15813 | D:10     | Found a staircase to the Lair.
 16047 | D:10     | Killed a two-headed ogre
 16141 | D:10     | Found a burning altar of Makhleb.
 16141 | D:10     | Noticed a balrug
 16475 | D:4      | Killed Duvessa
 16696 | Lair:1   | Entered Level 1 of the Lair of Beasts
 17501 | Lair:1   | Reached XP level 12. HP: 96/96 MP: 22/22
 20566 | Lair:2   | Upgraded the game from 0.28-a0-998-gb9e9c7b67e to
                  | 0.28-a0-1032-ga8db75c868
 20721 | Lair:2   | Reached skill level 10 in Fighting
 20899 | Lair:2   | Noticed Nergalle
 20931 | Lair:2   | Killed Nergalle
 21727 | Lair:3   | Noticed a boulder beetle
 21839 | Lair:3   | Noticed a five-headed hydra
 21840 | Lair:3   | Killed a boulder beetle
 21847 | Lair:2   | Killed a six-headed hydra
 22397 | Lair:3   | Noticed an eight-headed hydra
 22419 | Lair:3   | Reached XP level 13. HP: 99/103 MP: 24/24
 22894 | Lair:3   | Found a hole to the Spider Nest.
 23355 | Lair:3   | Reached skill level 10 in Invocations
 24817 | Lair:4   | Noticed an ice dragon
 24959 | Lair:5   | Found a staircase to the Slime Pits.
 26939 | Lair:6   | Entered Level 6 of the Lair of Beasts
 27260 | Lair:5   | Upgraded the game from 0.28-a0-1032-ga8db75c868 to
                  | 0.28-a0-1038-g9c4cb8273d
 28349 | Lair:5   | Reached skill level 10 in Maces & Flails
 28349 | Lair:5   | Reached skill level 10 in Armour
 28349 | Lair:5   | Reached XP level 14. HP: 66/113 MP: 26/26
 29018 | Lair:6   | Learned a level 1 spell: Slow
 29021 | Lair:6   | Learned a level 2 spell: Ensorcelled Hibernation
 29024 | Lair:6   | Learned a level 2 spell: Passwall
 29696 | Lair:6   | Reached ****** piety under Lugonu
 31597 | Lair:6   | Learned a level 3 spell: Swiftness
 32309 | Lair:4   | Found a staircase to the Swamp.
 33563 | D:10     | Upgraded the game from 0.28-a0-1038-g9c4cb8273d to
                  | 0.28-a0-1084-ga282ea246d
 33820 | D:11     | Got the Almanac of the Vitriolic Birds
 34250 | D:11     | Found Neint's Armour Shop.
 34621 | D:11     | Learned a level 2 spell: Blink
 34689 | D:11     | Reached skill level 10 in Dodging
 35123 | D:12     | Identified a scroll of acquirement
 35939 | D:12     | Reached XP level 15. HP: 97/120 MP: 28/28
 36499 | D:9      | Learned a level 4 spell: Cause Fear
 36502 | Orc:1    | Entered Level 1 of the Orcish Mines
 36783 | Orc:1    | You fall into a shaft and drop 1 floor!
 36783 | Orc:2    | Entered Level 2 of the Orcish Mines
 37292 | Orc:2    | Found a staircase to the Elven Halls.
 37633 | Orc:2    | Noticed an orc warlord
 37653 | Orc:1    | Killed an orc warlord
 38367 | Orc:2    | Reached skill level 10 in Short Blades
 38367 | Orc:2    | Reached skill level 10 in Long Blades
 38367 | Orc:2    | Reached skill level 10 in Axes
 38367 | Orc:2    | Reached skill level 10 in Polearms
 38367 | Orc:2    | Reached skill level 10 in Staves
 38367 | Orc:2    | Reached skill level 10 in Slings
 38367 | Orc:2    | Reached skill level 10 in Bows
 38367 | Orc:2    | Reached skill level 10 in Crossbows
 38367 | Orc:2    | Reached skill level 10 in Throwing
 38367 | Orc:2    | Reached skill level 10 in Stealth
 38367 | Orc:2    | Reached skill level 10 in Shields
 38367 | Orc:2    | Reached skill level 10 in Unarmed Combat
 38367 | Orc:2    | Reached skill level 10 in Spellcasting
 38367 | Orc:2    | Reached skill level 10 in Evocations
 38449 | Orc:2    | Upgraded the game from 0.28-a0-1084-ga282ea246d to
                  | 0.28-a0-1114-g8eb0198dcf
 40302 | Orc:2    | Found Kubiets's General Store.
 40302 | Orc:2    | Found Sacoxun's Assorted Antiques.
 40309 | Orc:2    | Found Wutsysk's General Store.
 40309 | Orc:2    | Found Bovothru's General Store.
 40327 | Orc:2    | Bought a glowing cloak for 255 gold pieces
 40327 | Orc:2    | Bought 2 lumpy ruby potions for 61 gold pieces
 40327 | Orc:2    | Bought a scroll of teleportation for 102 gold pieces
 40342 | Orc:2    | Bought a potion of heal wounds for 65 gold pieces
 40345 | Orc:2    | Bought a potion of might for 52 gold pieces
 42202 | D:13     | Found a gate to the Vaults.
 42430 | D:14     | Found a frozen archway.
 42559 | IceCv    | Entered an ice cave
 44325 | IceCv    | Noticed a white draconian knight
 44434 | IceCv    | Identified the ring of Pride {rN+ Dex+3}
 44705 | IceCv    | Killed a white draconian knight
 44706 | IceCv    | Reached XP level 16. HP: 72/128 MP: 30/30
 46513 | D:15     | Entered Level 15 of the Dungeon
 46905 | D:15     | Found a staircase to the Depths.
 46928 | D:15     | Found a gate leading to a gauntlet.
 46937 | Gauntlet | Entered a Gauntlet
 46937 | Gauntlet | Found a transporter.
 46937 | Gauntlet | Found a transporter.
 47089 | Gauntlet | Found a transporter.
 47092 | Gauntlet | Found a transporter.
 47102 | Gauntlet | Found a transporter.
 47106 | Gauntlet | Found a transporter.
 47116 | Gauntlet | Found a transporter.
 47116 | Gauntlet | Found the amulet of the Four Winds {rN+ Will+++ Clar}
 47202 | Gauntlet | Found a transporter.
 47206 | Gauntlet | Found a transporter.
 47220 | Gauntlet | Found a transporter.
 47222 | Gauntlet | Found a transporter.
 47232 | Gauntlet | Found a transporter.
 47396 | Gauntlet | Got the Collected Works on Translocation
 47848 | Gauntlet | Identified the +2 cloak "Zatwymuv" {rF+ rN+ Int+3}
 48244 | Gauntlet | Upgraded the game from 0.28-a0-1114-g8eb0198dcf to
                  | 0.28-a0-1128-gb845255321
 49297 | Swamp:1  | Entered Level 1 of the Swamp
 50380 | Swamp:1  | Noticed a thorn hunter
 50399 | Swamp:1  | Killed a thorn hunter
 52091 | Swamp:3  | Noticed Donald
 52764 | Swamp:2  | Reached XP level 17. HP: 118/136 MP: 32/32
 53009 | Swamp:3  | Noticed Mara
 53023 | Swamp:3  | Noticed hyperldf's illusion
 53054 | Swamp:2  | HP: 3/136 [spriggan druid/stone arrow (28)]
 53055 | Swamp:2  | Mangled by a bunyip

Illustrated notes

Levels and vault maps discovered:
D:1:      giann_bridges, layout_loops_cross
D:2:      kennysheep_six_static_rooms, layout_rooms, serial_curves,
          eino_curves_03, eino_curves_01, basic_altar
D:3:      layout_basic, trog_book, lemuel_crystal_altar, uniq_robin
D:4:      layout_loops_ring, fedhas_altar_1, kennysheep_okawaru_gauntlet,
          tgw_sif, mainiacjoe_overflow_tiny_flanked,
          mainiacjoe_overflow_alcove_1, chequers_serial_rivers_small_3,
          uniq_eustachio
D:5:      layout_basic, uniq_pikel, uniq_duvessa, uniq_menkaure
D:6:      layout_basic
D:7:      layout_basic, minmay_temple_entry_offerings, enter_bailey_5
D:8:      layout_loops_ring
D:9:      layout_loops_cross, mainiacjoe_overflow_paths, orc_0_dummy
D:10:     layout_loops_cross, makhleb_altar_promises_db,
          mainiacjoe_overflow_catwalk, david_lair_generic
D:11:     cheibrodos_elevator_heist, layout_basic, serial_shops,
          nicolae_shop_behind_doors, serial_rivers,
          chequers_serial_rivers_marsh, chequers_serial_rivers_small_3,
          chequers_serial_rivers_micro_c, chequers_serial_rivers_micro_b,
          nicolae_figureground_sparkle
D:12:     layout_cave_pools, serial_co_window_serial,
          co_window_of_opportunity_a, co_window_paths_a, co_window_corner_a,
          co_window_paths_a, co_window_of_opportunity_a, co_window_corner_a,
          co_window_corner_ca, co_window_broadway_b, co_window_corner_ca,
          co_window_paths_c, co_window_2corner, co_window_paths_e, st_stairs_11
D:13:     layout_roguey, ximxim_vaults_locker_room
D:14:     layout_irregular_city, portal_ice_cave_entry_dragon
D:15:     hangedman_depths_entry_try_elsewhere_first, layout_gridville,
          gauntlet_entry_generic, chequers_serial_rivers_room_b
Lair:1:   minmay_lair_oklob_chamber, layout_cave_shapes,
          chequers_serial_rivers_micro_a
Lair:2:   layout_long_grid, nicolae_lair_lindhole, uniq_nergalle
Lair:3:   layout_loops_ring, spider_nest_entry_web_field,
          grunt_forest_large_clearing_hut, grunt_megastairs_5
Lair:4:   layout_roguey, swamp_mist, bobbens_ice_dragon_lair,
          infiniplex_staircase_pool, grunt_megastairs_4, serial_bayou_shore_a
Lair:5:   layout_layer_cave, slime_dummy, serial_bayou, serial_bayou_pond_a,
          serial_bayou_pond_e, serial_bayou_pond_d, serial_bayou_pond_e
Lair:6:   evilmike_catoblepas_cave, layout_regular_city,
          chequers_serial_rivers_micro_c, infiniplex_staircase_pool_2,
          lemuel_fruit_tree
Swamp:1:  layout_basic_swamp, serial_swamp_ruin, evilmike_swamp_ruin_house_4,
          evilmike_swamp_ruin_house_5, swamp_pool2
Swamp:2:  layout_basic_swamp, nicolae_swamp_bean_lake
Swamp:3:  layout_falls_marsh, evilmike_swamp_ruin_house_2, uniq_donald,
          uniq_mara
Orc:1:    layout_caves
Orc:2:    grunt_orc_tribal_feast, layout_diamond_mine, basic_altar

Skill      XL: |  1  2  3  4  5  6  7  8  9 10 11 12 13 14 15 16 |
---------------+-------------------------------------------------+-----
Short Blades   | 1 2 3 4 5 6 7 8 9 10 11 | 11.4
Long Blades    | 1 2 3 4 5 6 7 8 9 10 11 | 11.4
Axes           | 1 2 3 4 5 6 7 8 9 10 11 | 11.4
Polearms       | 1 2 3 4 5 6 7 8 9 10 11 | 11.4
Staves         | 1 2 3 4 5 6 7 8 9 10 11 | 11.4
Slings         | 1 2 3 4 5 6 7 8 9 10 11 | 11.4
Bows           | 1 2 3 4 5 6 7 8 9 10 11 | 11.4
Crossbows      | 1 2 3 4 5 6 7 8 9 10 11 | 11.4
Throwing       | 1 2 3 4 5 6 7 8 9 10 11 | 11.4
Stealth        | 1 2 3 4 5 6 7 8 9 10 11 | 11.4
Shields        | 1 2 3 4 5 6 7 8 9 10 11 | 11.4
Unarmed Combat | 1 2 3 4 5 6 7 8 9 10 11 | 11.4
Spellcasting   | 1 2 3 4 5 6 7 8 9 10 11 | 11.4
Evocations     | 1 2 3 4 5 6 7 8 9 10 11 | 11.4
Conjurations   | 1 2 3 4 5 6 7 8 9 |  9.6
Hexes          | 1 2 3 4 5 6 7 8 9 |  9.6
Summonings     | 1 2 3 4 5 6 7 8 9 |  9.6
Necromancy     | 1 2 3 4 5 6 7 8 9 |  9.6
Translocations | 1 2 3 4 5 6 7 8 9 |  9.6
Transmutations | 1 2 3 4 5 6 7 8 9 |  9.6
Fire Magic     | 1 2 3 4 5 6 7 8 9 |  9.6
Ice Magic      | 1 2 3 4 5 6 7 8 9 |  9.6
Air Magic      | 1 2 3 4 5 6 7 8 9 |  9.6
Earth Magic    | 1 2 3 4 5 6 7 8 9 |  9.6
Poison Magic   | 1 2 3 4 5 6 7 8 9 |  9.6
Dodging        | 3 4 5 6 7 8 9 10 11 | 11.7
Invocations    | 5 6 7 8 9 10 11 12 13 | 13.1
Maces & Flails | 5 6 7 8 9 10 11 12 | 12.2
Armour         | 5 6 7 8 9 10 11 12 | 12.2
Fighting       | 7 8 9 10 11 12 13 | 13.0

Action                   |  1- 3 |  4- 6 |  7- 9 | 10-12 | 13-15 | 16-18 || total
-------------------------+-------+-------+-------+-------+-------+-------++-------
Melee: Mace              |    66 |   217 |   111 |       |       |       ||   394
       Bite              |     4 |    13 |    38 |   117 |   325 |   139 ||   636
       Spear             |       |       |   186 |   695 |   655 |       ||  1536
       Dagger            |       |       |     5 |       |     4 |       ||     9
       Flail             |       |       |    49 |   116 |       |       ||   165
       Rapier            |       |       |       |   125 |       |       ||   125
       Scimitar          |       |       |       |    22 |  1323 |    71 ||  1416
       Morningstar       |       |       |       |       |       |   647 ||   647
       Broad axe         |       |       |       |       |       |     5 ||     5
Throw: Stone             |    43 |    97 |    67 |    13 |       |       ||   220
       Dart              |       |     1 |    30 |   101 |   140 |    64 ||   336
       Boomerang         |       |       |     8 |       |    13 |       ||    21
 Cast: Cause Fear        |       |       |       |       |     3 |       ||     3
       Blink             |       |       |       |       |       |     2 ||     2
Invok: Banish            |       |       |     2 |     1 |       |       ||     3
Evoke: Wand              |       |     2 |    12 |    25 |    55 |     8 ||   102
       Box of beasts     |       |       |       |       |     4 |     1 ||     5
       Lightning rod     |       |       |       |       |     3 |     1 ||     4
  Use: Scroll            |     2 |     3 |     5 |    12 |    13 |     2 ||    37
       Potion            |       |       |     5 |     2 |     3 |     8 ||    18
 Stab: Sleeping          |       |     5 |       |       |     6 |     3 ||    14
       Paralysed         |       |       |       |    12 |    11 |       ||    23
       Held in net/web   |       |       |       |       |     2 |       ||     2
       Distracted        |       |       |       |       |     2 |       ||     2
Armor: Leather armour    |     8 |    44 |     4 |       |       |       ||    56
       Scale mail        |       |       |   115 |     3 |       |       ||   118
       Skin              |       |       |    11 |       |       |       ||    11
       Chain mail        |       |       |       |   209 |   260 |       ||   469
       Ice dragon scales |       |       |       |       |   373 |   284 ||   657
Dodge: Dodged            |    38 |   104 |   163 |   248 |   639 |   347 ||  1539
Block: Buckler           |     6 |    71 |   120 |   413 |  1015 |   401 ||  2026
       Reflection        |       |       |       |     8 |    20 |    10 ||    38
       Kite shield       |       |       |       |       |       |    69 ||    69

Table legend: (Time is in decaauts)
 A = Elapsed time spent in this place.
 B = Non-inter-level travel time spent in this place.
 C = Inter-level travel time spent in this place.
 D = Time resting spent in this place.
 E = Time spent auto-exploring this place.
 F = Levels seen in this place.
 G = Mean time per level.
                   A        B        C        D        E       F      G
               +--------+--------+--------+--------+--------+-----+--------+
         Total |  52734 |  49385 |   3349 |  16362 |  15734 |  30 | 1757.8 |
       Dungeon |  24948 |  23135 |   1813 |   6557 |   8226 |  15 | 1663.2 |
          Lair |  15937 |  14698 |   1239 |   4941 |   5453 |   6 | 2656.2 |
         Swamp |   3582 |   3407 |    175 |   1121 |   1076 |   3 | 1194.0 |
  Orcish Mines |   3869 |   3748 |    121 |   1260 |    712 |   2 | 1934.5 |
         Abyss |     63 |     63 |      0 |      0 |      0 |   1 |   63.0 |
        Bailey |    482 |    482 |      0 |    183 |      0 |   1 |  482.0 |
      Ice Cave |   2556 |   2556 |      0 |   1440 |    113 |   1 | 2556.0 |
      Gauntlet |   1293 |   1293 |      0 |    857 |    153 |   1 | 1293.0 |
               +--------+--------+--------+--------+--------+-----+--------+

Top non-repeatable levels by time:
  Lair:5: 4007 daAuts
  Lair:1: 3434 daAuts
   Orc:2: 2690 daAuts
     D:4: 2580 daAuts
   IceCv: 2556 daAuts
  Lair:6: 2516 daAuts
     D:3: 2475 daAuts
  Lair:3: 2222 daAuts
    D:10: 2219 daAuts
     D:5: 2192 daAuts
  Lair:2: 2079 daAuts
 Swamp:1: 2049 daAuts
     D:2: 1904 daAuts
  Lair:4: 1678 daAuts
    D:13: 1659 daAuts
